Map: Newkirk Precinct TE (Void)

Players

Railgan

  • Race: Zerg Zerg
  • League: Grandmaster
  • Spawn Location: 7:00

SCVKing - Winner!

  • Race: Terran Terran
  • League: Master
  • Spawn Location: 5:00

VOD

Have the link to the VOD?

Description

Time

  • Played on: March 15, 2017, 4 p.m.
  • Length: 6:10
Show
View Real Time Build Order
Export as new Build Order

Railgan Zerg 

Build Orders: Pool First 

Get SALT Encoding   

  12  0:02  Drone  
  13  0:13  Overlord  
  13  0:18  Drone  
  14  0:31  Drone x2  
  16  0:36  Drone  
  17  0:46  Spawning Pool  
  16  0:50  Drone  
  16  0:56  Drone  
  18  1:14  Hatchery  
  17  1:19  Extractor  
  17  1:20  Drone  
  17  1:22  Drone  
  18  1:32  Queen  
  18  1:34  Zergling x2  
  21  1:43  Drone  
  22  1:50  Overlord  
  22  2:10  Drone  
  22  2:11  Queen  
  25  2:21  Drone  
  26  2:29  Drone x2  
  28  2:30  Queen  
  28  2:32  Metabolic Boost  
  30  2:37  Drone  
  30  2:39  Overlord  
  30  2:41  Drone  
  30  2:42  Drone  
  32  2:55  Drone  
  32  2:56  Drone x2  
  35  3:04  Drone x2, Evolution Chamber  
  36  3:07  Overlord  
  36  3:13  Drone  
  36  3:18  Drone x4  
  41  3:26  Drone  
  42  3:30  Zerg Ground Armor Level 1  
  42  3:33  Zergling x2  
  42  3:34  Zergling x6  
  46  3:37  Drone  
  46  3:38  Extractor  
  46  3:39  Extractor  
  45  3:44  Overlord  
  45  3:45  Drone  
  46  3:55  Drone  
  47  4:03  Drone x3  
  47  4:06  Zergling x6  
  47  4:07  Lair  
  53  4:11  Drone  
  54  4:21  Queen  
  54  4:22  Zergling x8  
  54  4:23  Overlord  
  54  4:24  Overlord  
  60  4:31  Extractor  
  59  4:44  Zergling x10  
  64  4:49  Zergling x2  
  60  4:56  Zergling x8  
  60  4:57  Zergling x2, Queen  
  59  5:06  Zergling x2  
  56  5:10  Queen  
  56  5:13  Zergling x8  
  48  5:22  Zergling x2  
  48  5:23  Zergling x2  
  49  5:32  Queen  
  49  5:33  Zergling x10  
  46  5:52  Overlord  
Show
View Real Time Build Order
Export as new Build Order

SCVKing Terran - Winner!

Build Orders: Hellion Banshee 

Get SALT Encoding   

  12  0:02  SCV  
  13  0:14  SCV  
  14  0:20  Supply Depot  
  14  0:26  SCV  
  15  0:42  SCV  
  16  0:47  Barracks  
  16  0:50  Refinery  
  16  0:54  SCV  
  17  1:06  SCV  
  18  1:18  SCV  
  19  1:34  Marine, Orbital Command  
  20  1:46  Command Center  
  20  1:52  Marine  
  21  1:57  Factory  
  21  2:01  SCV  
  22  2:10  Supply Depot  
  22  2:12  Barracks Reactor  
  22  2:22  SCV  
  23  2:24  Refinery  
  23  2:34  SCV  
  23  2:58  Marine, SCV  
  23  3:01  Hellion x2  
  23  3:02  Starport  
  28  3:07  Orbital Command  
  28  3:14  SCV  
  28  3:19  Marine  
  30  3:22  Hellion x2  
  34  3:32  SCV  
  35  3:34  SCV  
  35  3:38  Marine  
  35  3:39  Medivac  
  39  3:43  Hellion  
  39  3:46  Armory  
  41  3:49  Hellion  
  41  3:51  SCV  
  44  4:00  Supply Depot  
  44  4:02  Marine  
  45  4:11  Starport Tech Lab  
  45  4:13  SCV  
  46  4:21  Hellion x2, Supply Depot  
  46  4:24  SCV  
  51  4:28  Cloaking Field  
  51  4:29  Banshee  
  54  4:42  SCV  
  54  4:43  Hellion x2, SCV  
  52  4:54  SCV  
  51  5:03  SCV  
  51  5:05  Hellion  
  53  5:12  Banshee  
  53  5:14  SCV  
  53  5:17  Hellion, SCV  
  57  5:26  Hellion  
  57  5:27  SCV  
  60  5:32  SCV  
  61  5:36  Marine  
  61  5:41  Engineering Bay, SCV  
  60  5:43  Hellion  
  62  6:07  Supply Depot  
Tags
 
Add a new tag
Caveats
  • Supply blocks, unpowered buildings, or Contaminate may cause inaccurate times.
  • Supply counts are checked every 10 seconds.